 Dungeon Crawl Stone Soup version 0.18-a0-1572-g0a86841 (webtiles) character file.

397 dorian the Chopper (level 6, -6/55 HPs)
             Began as a Deep Dwarf Fighter on Mar 15, 2016.
             Killed by divine providence
             ... invoked by an orc priest
              (12 damage)
             ... on level 4 of the Dungeon.
             The game lasted 00:06:43 (2585 turns).

dorian the Chopper (Deep Dwarf Fighter)             Turns: 2585, Time: 00:06:44

Health: -6/55      AC: 10    Str: 24    XL:     6   Next: 53%
Magic:  9/9        EV:  5    Int:  9    God:
Gold:   291        SH:  9    Dex: 12    Spells: 0 memorised, 5 levels left

rFire  . . .     SeeInvis .     a - +0 war axe
rCold  . . .     Gourm    .     x - +0 chain mail
rNeg   . . .     Faith    .     c - +0 shield
rPois  .         Spirit   .     (no helmet)
rElec  .         Dismiss  .     (no cloak)
rCorr  .         Reflect  .     y - +0 pair of gloves
SustAt .         Harm     .     (no boots)
MR     .....                    (no amulet)
Stlth  ..........               (no ring)
                                g - +3 ring of strength

@: non-regenerating, not resistant to hostile enchantments, extremely unstealthy
A: damage resistance, recharge devices, sense surroundings 1, slow regeneration
3
a: Device Recharging


You were on level 4 of the Dungeon.
You were very hungry.

You visited 1 branch of the dungeon, and saw 4 of its levels.

You collected 291 gold pieces.

Inventory:

Hand Weapons
 a - a +0 war axe (weapon)
Missiles
 t - 5 tomahawks
 v - 4 javelins (quivered)
Armour
 b - a +0 scale mail
 c - a +0 shield (worn)
 x - a +0 chain mail (worn)
 y - a +0 pair of gloves (worn)
Jewellery
 g - a +3 ring of strength (left hand)
Wands
 e - a wand of heal wounds (2/9)
Scrolls
 j - 2 scrolls of remove curse
 l - a scroll of magic mapping
 m - a scroll of recharging {unknown}
 n - 3 scrolls of identify {unknown}
 p - 2 scrolls of fear {unknown}
 u - a scroll of amnesia {unknown}
Potions
 d - a potion of might
 h - a potion of berserk rage
 o - a potion of curing {unknown}
 s - 3 potions of resistance {unknown}
 w - a potion of haste {unknown}
 z - 2 potions of brilliance {unknown}
Comestibles
 f - 6 bread rations
 i - 3 fruits
 k - 3 beef jerkies
 q - 3 meat rations
 r - a slice of pizza


   Skills:
 - Level 2.6 Fighting
 * Level 6.5 Axes
 - Level 3.2 Armour
 - Level 3.2 Shields
 + Level 4.7 Evocations


You had 5 spell levels left.
You didn't know any spells.

Dungeon Overview and Level Annotations

Branches:
Dungeon (4/15)
 Temple: D:4-7

Altars:
Elyvilon
Nemelex Xobeh
Okawaru
The Shining One


Innate Abilities, Weirdness & Mutations

You are resistant to damage.
You can recharge devices by infusing magical energy.
You passively map a small area around you.
You do not regenerate naturally.


Message History

Zapping:
e - a wand of heal wounds (3/9)
Press: ? - help, Shift-Dir - straight line, f - you You feel much better.
This wand has 2 charges left.
You block the orc priest's attack.
You hit the orc priest but do no damage.
The orc priest mumbles some strange prayers to Beogh against you.
Beogh smites you!
* * * LOW HITPOINT WARNING * * *
You are too injured to fight recklessly!
You barely miss the orc priest. You block the orc priest's attack.
You hit the orc priest but do no damage.
The orc priest barely misses you.
You hit the orc priest.
The orc priest is moderately wounded.
The orc priest invokes the aid of Beogh against you.
Beogh smites you!
* * * LOW HITPOINT WARNING * * *
The orc priest mumbles some strange prayers to Beogh against you.
Beogh smites you!
You die...

########## ###.... *
#........# ##.....,
#.######.####..#.###
#.# #............#
#.# #+###......# *
#.### , ##(..#... ,
, ....#,, ,*##..#* *
#.#.# #..#######.#
#.<## ,,,
#.oo@......# ##..#,
, #'##########
##.### #o. ** .....#
* #..o , #....#
#..o. * , *
#.<..##.#..... ,*
........+.....,, + ,
#....##.#..... * , ,
* #.......# , , ,


You could see an orc priest and an orc.

Vanquished Creatures
  A phantom (D:4)
  A howler monkey (D:4)
  A centaur skeleton (D:4)
  3 orc wizards
  A worker ant (D:4)
  2 hound skeletons
  A gnoll (D:1)
  An adder (D:2)
  An ooze (D:2)
  2 worms
  An adder skeleton (D:4)
  2 giant geckos
  15 orcs
  3 giant cockroaches
  8 goblins
  6 hobgoblins
  2 jackals (D:2)
  3 kobolds
  2 quokkas
  A ball python (D:2)
  7 bats
  7 giant newts
  8 rats
79 creatures vanquished.

Notes
Turn   | Place    | Note
--------------------------------------------------------------
     0 | D:1      | dorian the Deep Dwarf Fighter began the quest for the Orb.
     0 | D:1      | Reached XP level 1. HP: 20/20 MP: 1/1
   217 | D:1      | Reached XP level 2. HP: 25/27 MP: 2/2
   226 | D:1      | Reached skill level 3 in Axes
   309 | D:1      | Reached skill level 1 in Evocations
   488 | D:1      | Found a sparkling altar of Nemelex Xobeh.
   687 | D:2      | Reached XP level 3. HP: 19/33 MP: 4/4
  1255 | D:2      | Reached skill level 4 in Axes
  1255 | D:2      | Reached XP level 4. HP: 14/40 MP: 6/6
  1630 | D:3      | Reached XP level 5. HP: 31/46 MP: 7/7
  1728 | D:3      | Reached skill level 5 in Axes
  1884 | D:3      | Found a glowing golden altar of the Shining One.
  2175 | D:4      | Reached XP level 6. HP: 37/55 MP: 9/9
  2237 | D:4      | Reached skill level 6 in Axes
  2446 | D:4      | Found a white marble altar of Elyvilon.
  2446 | D:4      | Found an iron altar of Okawaru.
  2585 | D:4      | Killed from afar by an orc priest

Vault maps used:
D:1:      mushboom_english_gardens, nemelex_diamond_rough_becter
D:2:      first_bread
D:3:      nicolae_tso_swordbearing_angel
D:4:      gammafunk_temple_overflow_statue, serial_shops, kennysheep_little_box

Skill      XL: |  1  2  3  4  5  6 |
---------------+-------------------+-----
Axes           | 3 4 5 6 |  6.5
Evocations     | 1 2 3 4 |  4.7
Fighting       | |  2.6
Armour         | |  3.2
Shields        | |  3.2

Action                   |  1- 3 |  4- 6 || total
-------------------------+-------+-------++-------
Melee: War axe           |   123 |   197 ||   320
Throw: Tomahawk          |       |     6 ||     6
       Javelin           |       |     5 ||     5
Evoke: Wand              |       |     3 ||     3
  Use: Scroll            |       |     2 ||     2
  Eat: Chunk             |     1 |     4 ||     5
